 Dungeon Crawl Stone Soup version 0.21.1-1-g345015fe64 (webtiles) character file.

35051 MsStandart the Bludgeoner (level 13, -3/122 HPs)
             Began as a Minotaur Berserker on June 9, 2018.
             Was the Champion of Trog.
             Slain by Bapho's ghost (5 damage)
             ... on level 1 of the Orcish Mines on June 14, 2018.
             The game lasted 01:26:46 (15850 turns).

MsStandart the Bludgeoner (Minotaur Berserker)     Turns: 15850, Time: 01:26:46

Health: -3/122     AC: 21    Str: 34    XL:     13   Next: 45%
Magic:  12/12      EV: 11    Int:  7    God:    Trog [******]
Gold:   1762       SH:  0    Dex: 11    Spells: 12/12 levels left

rFire    + . .     SeeInvis +   f - +3 mace (protect)
rCold    x . .     Gourm    .   (no shield)
rNeg     . . .     Faith    .   o - +6 leather armour of the Scribe {*Slow +Blink Regen+ Str+4}
rPois    +         Spirit   .   d - +0 hat {SInv}
rElec    .         Reflect  .   N - +1 cloak {rPois}
rCorr    .         Harm     .   i - +0 pair of gloves
MR       +....                  P - +0 pair of boots
Stlth    +.........             (no amulet)
HPRegen  0.70/turn              X - ring "Zoicyaru" {Fire Str+4 Int+3}
MPRegen  0.13/turn              p - ring of protection from magic

@: protection aura, slowed, extremely drained, very slow
A: retaliatory headbutt, horns 2
a: Berserk, Trog's Hand, Brothers in Arms, Burn Spellbooks, Renounce Religion,
Evoke Blink


You were on level 1 of the Orcish Mines.
You worshipped Trog.
Trog was exalted by your worship.
You were very hungry.

You visited 3 branches of the dungeon, and saw 17 of its levels.
You also visited: Labyrinth and Bailey.

You collected 1978 gold pieces.
You spent 216 gold pieces at shops.

Inventory:

Hand Weapons
 f - a +3 mace of protection (weapon)
 J - a +0 eveningstar
 M - the +8 demon blade "Bloodbane" {slice, *Rage +Rage Stlth-}
   (You found it on level 11 of the Dungeon)

   It inflicts extra damage upon your enemies.
   It lets you go berserk.
   It may make you go berserk in combat.
   It makes you less stealthy.
 W - a +2 hunting sling of freezing
Missiles
 G - 3 throwing nets (quivered)
Armour
 d - a +0 hat of see invisible (worn)
 i - a +0 pair of gloves (worn)
 m - a +0 plate armour
 o - the +6 leather armour of the Scribe (worn) {*Slow +Blink Regen+ Str+4}
   (You found it on level 4 of the Dungeon)

   It affects your strength (+4).
   It lets you blink.
   It increases your rate of regeneration.
   It may slow you when you take damage.
 N - a +1 cloak of poison resistance (worn)
 P - a +0 pair of boots (worn)
Jewellery
 p - a ring of protection from magic (right hand)
 q - a +2 ring of intelligence
 r - an uncursed ring of protection from fire
 t - an uncursed amulet of faith {unknown}
 y - an uncursed ring of flight
 X - the ring "Zoicyaru" (left hand) {Fire Str+4 Int+3}
   (You found it in a labyrinth)

   [ring of fire]

   It enhances your fire magic.
   It affects your strength (+4).
   It affects your intelligence (+3).
   It protects you from fire.
   It makes you vulnerable to cold.
Wands
 g - a wand of flame (44)
 z - a wand of disintegration (28)
 A - a wand of enslavement (6)
 E - a wand of random effects (17)
 H - a wand of scattershot (14)
 I - a wand of polymorph (11)
 S - a wand of clouds (5)
 T - a wand of acid (3)
Scrolls
 h - 4 scrolls of teleportation
 j - 4 scrolls of remove curse
 l - a scroll of enchant armour {unknown}
 n - a scroll of identify
 v - 2 scrolls of fog
 D - a scroll of silence {unknown}
 K - 2 scrolls of enchant weapon
 L - 4 scrolls of magic mapping
 O - 2 scrolls of holy word {unknown}
 U - 2 scrolls of fear
 V - 2 scrolls of blinking {unknown}
Potions
 a - 5 potions of cancellation
 b - 5 potions of curing
 e - 3 potions of haste
 k - a potion of invisibility {unknown}
 s - 2 potions of agility
 u - 3 potions of lignification {unknown}
 w - 2 potions of brilliance
 x - 2 potions of berserk rage {unknown}
 B - 2 potions of heal wounds
 C - 2 potions of might {unknown}
 F - 2 potions of mutation {unknown}
 R - a potion of flight {unknown}
Miscellaneous
 Q - a lightning rod (4/4)
Comestibles
 c - 37 rations


   Skills:
 + Level 13.4(5.1) Fighting
 - Level 17.7(8.6) Maces & Flails
 + Level 13.2(4.9) Armour
 * Level 8.4(1.1) Dodging


You had 12 spell levels left.
You didn't know any spells.

Dungeon Overview and Level Annotations

Branches:
Dungeon (12/15)            Temple (0/1) D:4            Lair (4/6) D:9
  Snake (0/4) Lair:3          Orc (1/2) D:12
  Swamp: Lair:2-4    Shoals: Lair:2-4

Altars:
Ashenzari
Gozag
Makhleb
Qazlal
Sif Muna
Uskayaw
Vehumet
Wu Jian
Yredelemnul
The Shining One

Shops:
D:5 *   D:12 ([   Orc:1 *

Annotations:
Orc:1 Bapho's ghost, journeyman MiBe


Innate Abilities, Weirdness & Mutations

You reflexively headbutt those who attack you in melee.
You have a pair of horns on your head.


Message History

a club; a ring mail; an orc corpse Bapho's ghost hits you!!
You feel drained. Bapho's ghost hits you!
* * * LOW HITPOINT WARNING * * *
You feel drained.
* * * LOW HITPOINT WARNING * * *
You sock Bapho's ghost!
Your weapon exudes an aura of protection.
You headbutt Bapho's ghost!
Bapho's ghost is moderately damaged.
Bapho's ghost hits you.
* * * LOW HITPOINT WARNING * * *
You feel drained.
* * * LOW HITPOINT WARNING * * *
Your deep troll goes berserk!
You are feeling very hungry.
Bapho's ghost hits you!!
* * * LOW HITPOINT WARNING * * *
You feel drained.
You die...

.#....$.......∩...............#
..................##......#...#
.#...............###.#...###.##
..........).......#..[)..# ##
$......[..[.....)....##.##
##.#.................#####
#................)[.....#.
................WT........$
#....$..........@.(......#.
....#..$..........#....###
#.........>..)...#......#
............[...#.#.##.##
.........[<.....## ##
...............##
................#
.............#.##
........##..####


You could see Bapho's ghost and a friendly deep troll (berserk).

Vanquished Creatures
  Gastronok (Lair:1)
  A minotaur (Lab)
  Fannar (Lair:1)
  2 hydras
  3 two-headed ogres
  A lindwurm (Lair:3)
  2 orc knights
  The ghost of LevaFresel the Slasher, a novice HuFi of Nemelex Xobeh (D:7)
  5 elephants (Lair:4)
  Maurice (D:10)
  3 black mambas
  Joseph (Lair:1)
  2 molten gargoyles (Lair:3)
  10 spiny frogs
  2 rime drakes (Lair:4)
  2 komodo dragons
  A polar bear (Lair:4)
  The ghost of Lavandula the Chopper, an amateur CeBe of Trog (D:4)
  2 trolls
  12 blink frogs
  6 hippogriffs
  Sigmund (D:4)
  A wyvern (D:8)
  A basilisk (Lair:3)
  17 yaks
  A steam dragon (D:8)
  3 hungry ghosts
  A warg (Orc:1)
  2 acid dragons (D:11)
  21 water moccasins
  Duvessa (D:4)
  3 porcupines
  2 ice beasts
  11 orc warriors
  4 phantoms
  6 ogres
  3 sky beasts
  2 black bears
  2 necrophages
  15 wolves
  11 crocodiles
  2 centaurs
  A big kobold (D:7)
  15 bullfrogs
  A wyvern skeleton (D:8)
  Dowan (D:4)
  4 wights
  2 howler monkeys (D:11)
  5 lava snakes (Lair:3)
  7 crimson imps
  2 centaur zombies
  A centaur skeleton (D:4)
  7 orc priests
  2 bullfrog skeletons
  4 hounds
  A jelly (D:11)
  Crazy Yiuf (D:2)
  5 iguanas
  13 orc wizards
  11 worker ants
  A killer bee zombie (D:7)
  A hound skeleton (D:10)
  2 howler monkey skeletons
  10 gnolls
  16 adders
  5 shadow imps
  2 oozes (D:2)
  4 adder skeletons
  2 worms (D:2)
  5 leopard geckos
  44 orcs
  3 ball pythons
  8 giant cockroaches
  13 goblins
  9 hobgoblins
  8 jackals
  6 quokkas
  10 bats
  6 frilled lizards
  A giant cockroach zombie (D:5)
  A jackal zombie (D:5)
  23 kobolds
  A leopard gecko skeleton (D:5)
  A leopard gecko zombie (D:8)
  2 quokka skeletons
  A quokka zombie (D:6)
  3 rats (D:1)
  A butterfly (D:4)
442 creatures vanquished.

Vanquished Creatures (others)
  11 fungi
  6 plants (Lair:3)
17 creatures vanquished.

Grand Total: 459 creatures vanquished

Notes
Turn   | Place    | Note
-------+----------+-------------------------------------------
     0 | D:1      | MsStandart the Minotaur Berserker began the quest for the Orb.
     0 | D:1      | Reached XP level 1. HP: 19/19 MP: 0/0
   214 | D:1      | Reached skill level 4 in Maces & Flails
   518 | D:1      | Reached XP level 2. HP: 27/27 MP: 1/1
  1127 | D:2      | Found a runed door.
  1135 | D:2      | Noticed Crazy Yiuf
  1140 | D:2      | Killed Crazy Yiuf
  1140 | D:2      | Reached XP level 3. HP: 33/33 MP: 2/2
  1229 | D:2      | Reached ** piety under Trog
  1408 | D:2      | Reached skill level 5 in Maces & Flails
  1410 | D:2      | Reached XP level 4. HP: 31/40 MP: 3/3
  1625 | D:2      | Found a faded altar of an unknown god.
  2315 | D:3      | Reached XP level 5. HP: 47/47 MP: 4/4
  2346 | D:3      | Reached *** piety under Trog
  2744 | D:4      | Got an ichor-stained leather armour
  2755 | D:4      | Identified the +6 leather armour of the Scribe {*Slow +Blink Regen+ Str+4} (You found it on level 4 of the Dungeon)
  2847 | D:4      | Noticed Sigmund
  2856 | D:4      | Killed Sigmund
  2856 | D:4      | Reached skill level 5 in Fighting
  2856 | D:4      | Reached skill level 6 in Maces & Flails
  2856 | D:4      | Reached XP level 6. HP: 53/56 MP: 5/5
  2873 | D:4      | Noticed Lavandula's ghost (amateur CeBe)
  2882 | D:4      | Killed Lavandula's ghost
  2882 | D:4      | Reached skill level 7 in Maces & Flails
  2882 | D:4      | Reached skill level 5 in Armour
  2882 | D:4      | Reached XP level 7. HP: 41/62 MP: 6/6
  2998 | D:4      | Found an opulent altar of Gozag.
  2999 | D:4      | Found a shattered altar of Ashenzari.
  3277 | D:4      | Found a staircase to the Ecumenical Temple.
  3625 | D:5      | Entered Level 5 of the Dungeon
  3625 | D:5      | Noticed Duvessa
  3627 | D:5      | Noticed Dowan
  3663 | D:4      | Killed Dowan
  3663 | D:4      | Reached skill level 8 in Maces & Flails
  3671 | D:4      | Killed Duvessa
  3863 | D:5      | Found Henwi Mupt's General Store.
  4028 | D:5      | Reached XP level 8. HP: 71/71 MP: 7/7
  4104 | D:5      | Reached **** piety under Trog
  4104 | D:5      | Reached skill level 9 in Maces & Flails
  4564 | D:6      | Reached skill level 10 in Maces & Flails
  4936 | D:6      | Reached XP level 9. HP: 81/81 MP: 8/8
  5115 | D:7      | Reached ***** piety under Trog
  5115 | D:7      | Reached skill level 11 in Maces & Flails
  5147 | D:7      | Noticed LevaFresel's ghost (novice HuFi)
  5182 | D:7      | Killed LevaFresel's ghost
  5349 | D:7      | Found a flagged portal.
  5375 | Bailey   | Entered a bailey
  5438 | Bailey   | Noticed an orc knight
  5462 | Bailey   | Killed an orc knight
  5462 | Bailey   | Reached skill level 12 in Maces & Flails
  5587 | Bailey   | Found an iron altar of Okawaru.
  5753 | D:7      | Reached XP level 10. HP: 91/91 MP: 9/9
  5999 | D:8      | Noticed a two-headed ogre
  6007 | D:7      | Killed a two-headed ogre
  6118 | D:7      | Received a gift from Trog
  6325 | D:7      | Reached skill level 13 in Maces & Flails
  6415 | D:8      | Found a deep blue altar of Sif Muna.
  6415 | D:8      | Noticed a two-headed ogre
  6431 | D:8      | Killed a two-headed ogre
  6431 | D:8      | Reached skill level 10 in Fighting
  6800 | D:8      | Reached skill level 10 in Armour
  7183 | D:9      | Found a burning altar of Makhleb.
  7184 | D:9      | Found a hide-covered altar of Uskayaw.
  7185 | D:9      | Found an ornate altar of the Wu Jian Council.
  7186 | D:9      | Found a radiant altar of Vehumet.
  7186 | D:9      | Found a basalt altar of Yredelemnul.
  7186 | D:9      | Found a glowing golden altar of the Shining One.
  7208 | D:9      | Found a staircase to the Lair.
  7648 | D:9      | Reached skill level 14 in Maces & Flails
  7669 | D:9      | Noticed a two-headed ogre
  7679 | D:9      | Killed a two-headed ogre
  7679 | D:9      | Reached XP level 11. HP: 61/101 MP: 10/10
  7800 | D:10     | Entered Level 10 of the Dungeon
  8824 | D:11     | Found the +8 demon blade "Bloodbane" {slice, *Rage +Rage Stlth-}
  8851 | D:11     | Noticed a six-headed hydra
  8860 | D:11     | Killed a six-headed hydra
  8860 | D:11     | Reached skill level 15 in Maces & Flails
  8985 | D:11     | Found a stormy altar of Qazlal.
  8999 | D:11     | Noticed Maurice
  9044 | D:10     | Killed Maurice
  9880 | D:5      | Bought a scroll of remove curse for 36 gold pieces
  9880 | D:5      | Bought a ration for 60 gold pieces
  9880 | D:5      | Bought a ration for 60 gold pieces
  9880 | D:5      | Bought a potion of heal wounds for 60 gold pieces
  9979 | Lair:1   | Entered Level 1 of the Lair of Beasts
  9980 | Lair:1   | Found a labyrinth entrance.
  9992 | Lair:1   | Noticed Gastronok
 10016 | Lair:1   | Killed Gastronok
 10163 | Lair:1   | Noticed Fannar
 10196 | Lair:1   | Killed Fannar
 10319 | Lab      | Entered a labyrinth
 10655 | Lab      | Noticed a minotaur
 10664 | Lab      | Killed a minotaur
 10664 | Lab      | Reached skill level 16 in Maces & Flails
 10664 | Lab      | Reached XP level 12. HP: 75/112 MP: 11/11
 10720 | Lab      | Identified the Almanac of the Blaze
 10721 | Lab      | Got a crude silver ring
 10822 | Lair:1   | Noticed Joseph
 10831 | Lair:1   | Killed Joseph
 11385 | Lair:2   | Identified the ring "Zoicyaru" {Fire Str+4 Int+3} (You found it in a labyrinth)
 12595 | Lair:3   | Reached skill level 5 in Dodging
 12832 | Lair:3   | Reached ****** piety under Trog
 12893 | Lair:3   | Found a staircase to the Snake Pit.
 12966 | Lair:3   | Reached skill level 17 in Maces & Flails
 13418 | Lair:4   | Reached XP level 13. HP: 105/119 MP: 12/12
 13445 | Lair:4   | Received a gift from Trog
 15061 | D:12     | Found Quket's Armour Shoppe.
 15061 | D:12     | Found a staircase to the Orcish Mines.
 15061 | D:12     | Found Wonauceam's Weapon Shoppe.
 15121 | Orc:1    | Entered Level 1 of the Orcish Mines
 15149 | Orc:1    | Found Bawn's General Store.
 15401 | Orc:1    | Noticed Bapho's ghost (journeyman MiBe)
 15850 | Orc:1    | HP: 2/122 [Bapho's ghost (24)]
 15850 | Orc:1    | Slain by Bapho's ghost

Skill      XL: |  1  2  3  4  5  6  7  8  9 10 11 12 13 |
---------------+----------------------------------------+-----
Maces & Flails | 4 5 6 7 8 10 12 14 16 17 | 17.7
Fighting       | 4 5 6 7 9 10 12 13 | 13.4
Armour         | 3 4 5 6 7 9 10 11 12 13 | 13.2
Dodging        | 6 8 |  8.4

Action                   |  1- 3 |  4- 6 |  7- 9 | 10-12 | 13-15 || total
-------------------------+-------+-------+-------+-------+-------++-------
Melee: Mace              |    68 |   115 |   301 |   727 |   229 ||  1440
       Headbutt          |     5 |    15 |    56 |   190 |    72 ||   338
Invok: Berserk           |     1 |       |     3 |     3 |       ||     7
       Burn Spellbooks   |       |     1 |       |     2 |     1 ||     4
       Brothers in Arms  |       |       |       |       |     1 ||     1
 Abil: Evoke Blink       |       |       |     1 |       |       ||     1
Evoke: Wand              |       |       |     9 |     1 |       ||    10
  Use: Scroll            |     3 |     2 |     5 |    10 |     1 ||    21
       Potion            |       |       |       |     1 |     1 ||     2
  Eat: Chunk             |     2 |     5 |    12 |    24 |     7 ||    50
       Ration            |       |       |       |     3 |       ||     3
Armor: Animal skin       |    11 |     2 |       |       |       ||    13
       Ring mail         |       |    30 |       |       |       ||    30
       Plate armour      |       |    34 |       |       |       ||    34
       Leather armour    |       |    15 |   133 |   265 |    92 ||   505
Dodge: Dodged            |    60 |    63 |   178 |   373 |   150 ||   824
